 Dungeon Crawl Stone Soup version 0.30-a0-1006-g5d778dfbfc (webtiles) character file.

Game seed: 947813842113522001

214 senseless the Insei (level 5, -3/35 HPs)
             Began as an Octopode Transmuter on Apr 5, 2023.
             Slain by an elf zombie (6 damage)
             ... in an ossuary.
             The game lasted 00:08:08 (2916 turns).

senseless the Insei (Octopode Transmuter)           Turns: 2916, Time: 00:08:08

Health: -3/35      AC:  1    Str: 17    XL:     5   Next: 92%
Magic:  9/9        EV: 13    Int: 16    God:
Gold:   181        SH:  0    Dex: 12    Spells: 3/9 levels left

rFire   . . .      SeeInvis .      - Unarmed
rCold   . . .      Faith    .    (no shield)
rNeg    . . .      Spirit   .    (helmet restricted)
rPois   .          Reflect  .    (no amulet)
rElec   .          Rampage  .    o - +6 ring of strength
rCorr   .                        (no ring)
Will    .....                    (no ring)
Stlth   ++                       (no ring)
HPRegen 0.25/turn                (no ring)
MPRegen 0.11/turn                (no ring)
                                 (no ring)
                                 (no ring)

@: no status effects
A: almost no armour, amphibious, 8 rings, camouflage 1, gelatinous body 1,
(nimble swimmer 1), tentacles
a: no special abilities


You were in an ossuary.
You visited 1 branch of the dungeon, and saw 4 of its levels.
You also visited: Ossuary.

You collected 195 gold pieces.
You spent 14 gold pieces at shops.

Inventory:

Hand Weapons
 a - a +1 arbalest
 c - a +1 heavy sling
Jewellery
 o - a +6 ring of strength (left tentacle)
Scrolls
 b - a scroll of enchant armour {unknown}
 e - a scroll of magic mapping {unknown}
 j - a scroll of silence {unknown}
 l - a scroll of enchant weapon
 m - a scroll of poison {unknown}
Potions
 d - a potion of resistance
 f - a potion of brilliance
 g - a potion of might
 h - a potion of berserk rage {unknown}
 i - a potion of curing
 k - a potion of cancellation
 n - a potion of flight {unknown}
 p - a potion of mutation {unknown}
 r - a potion of lignification


   Skills:
 + Level 2.4 Fighting
 + Level 0.8 Ranged Weapons
 + Level 3.1 Dodging
 + Level 3.8 Unarmed Combat
 + Level 2.9 Spellcasting
 + Level 3.1 Transmutations


You had 3 spell levels left.
You knew the following spells:

 Your Spells              Type           Power      Damage    Failure   Level
a - Beastly Appendage     Tmut           24%        N/A       5%          1
b - Wereblood             Tmut           12%        N/A       8%          2
c - Spider Form           Tmut/Pois      7%         N/A       30%         3

Your spell library contained the following spells:

 Spells                   Type           Power      Damage    Failure   Level
 Stone Arrow              Conj/Erth      4%         3d7       50%         3
 Ice Form                 Ice/Tmut       7%         N/A       69%         4
 Lehudib's Crystal Spear  Conj/Erth      1%         10d2      100%        8
 Animate Armour           Summ/Erth      Unusable   N/A       N/A         4

Dungeon Overview and Level Annotations

Branches:
Dungeon (4/15)            Ossuary (1/1)
 Temple: D:4-7

Altars:
Cheibriados
Dithmenos
Ru
Yredelemnul

Shops:
D:3 *


Innate Abilities, Weirdness & Mutations

You cannot wear most types of armour.
You are amphibious.
You can wear up to eight rings at the same time.
Your skin changes colour to match your surroundings (Stealth+).
Your rubbery body absorbs attacks. (AC +1, EV +1)
((You are camouflaged when in or above water. (Stealth+)))
You have tentacles for arms and can constrict up to eight enemies at once.


Message History

The centaur zombie attacks as you move away!
The centaur zombie closely misses you.
The centaur zombie kicks you but does no damage.
There is an open door here.
You closely miss the human zombie. You grab the human zombie.
You pierce the human zombie!
The human zombie is lightly damaged.
You constrict the human zombie. The human zombie hits you.
You tentacle-slap the human zombie.
You pierce the human zombie, but do no damage.
You squeeze the human zombie, but do no damage.
The human zombie is lightly damaged.
You constrict the human zombie. You tentacle-slap the human zombie.
You squeeze the human zombie!
The human zombie is heavily damaged.
You constrict the human zombie. The human zombie hits you.
You tentacle-slap the human zombie.
You pierce the human zombie!
The human zombie is severely damaged.
You constrict the human zombie. The human zombie barely misses you.
You bludgeon the human zombie! You tentacle-slap the human zombie.
You destroy the human zombie!
Your Transmutations skill increases to level 3!
You tentacle-slap the centaur zombie but do no damage.
Your tentacle spike misses the centaur zombie.
You squeeze the centaur zombie!
The centaur zombie is severely damaged.
The centaur zombie hits you.
* * * LOW HITPOINT WARNING * * *
The centaur zombie closely misses you.
You tentacle-slap the centaur zombie.
You pierce the centaur zombie.
You destroy the centaur zombie!
Your tentacle spike disappears.
You tentacle-slap the elf zombie. You grab the elf zombie.
The elf zombie is lightly damaged.
You constrict the elf zombie. The elf zombie hits you.
* * * LOW HITPOINT WARNING * * *
You tentacle-slap the elf zombie.
The elf zombie is lightly damaged.
You constrict the elf zombie. The elf zombie hits you.
You die...

### ###.###
##.....##
#.......#
#.......#
#......Z#
#..M..# #Z#
#@# ###.###
##.....##
#.......#
##...∩...##
+...∩∩∩...+
##...∩...##
#.......#
##.....##


You could see a mummy and an elf zombie.

Vanquished Creatures
  A centaur zombie (Ossuary)
  A human zombie (Ossuary)
  Natasha (thrice) (D:2)
  2 adders
  A worm (D:3)
  A dart slug (D:3)
  2 bats (D:1)
  10 endoplasms
  A giant cockroach (D:2)
  5 goblins (D:1)
  6 hobgoblins
  3 kobolds
  3 quokkas
  7 ball pythons
  A frilled lizard (D:2)
  3 rats (D:1)
50 creatures vanquished.

Notes
Turn   | Place    | Note
-------+----------+-------------------------------------------
     0 | D:1      | senseless the Octopode Transmuter began the quest for the
                  | Orb.
     0 | D:1      | Reached XP level 1. HP: 13/13 MP: 3/3
   156 | D:1      | Reached XP level 2. HP: 18/18 MP: 3/5
   486 | D:1      | Reached XP level 3. HP: 23/23 MP: 4/6
   886 | D:1      | Learned a level 2 spell: Wereblood
   890 | D:1      | Learned a level 3 spell: Spider Form
  1133 | D:2      | Noticed Natasha
  1139 | D:2      | Killed Natasha
  1140 | D:2      | Reached XP level 4. HP: 20/29 MP: 5/7
  1739 | D:2      | Noticed Natasha
  1747 | D:2      | Killed Natasha
  1808 | D:2      | Noticed Natasha
  1810 | D:2      | Killed Natasha
  1811 | D:2      | Reached XP level 5. HP: 34/34 MP: 6/9
  1980 | D:3      | Found a faded altar of an unknown god.
  2274 | D:3      | Found a snail-covered altar of Cheibriados.
  2294 | D:3      | Found a basalt altar of Yredelemnul.
  2322 | D:3      | Found a sacrificial altar of Ru.
  2648 | D:3      | Found a shadowy altar of Dithmenos.
  2663 | D:3      | Found Bool's General Store.
  2671 | D:3      | Bought a potion of degeneration for 14 gold pieces
  2880 | D:4      | Found a sand-covered staircase.
  2895 | Ossuary  | Entered an ossuary
  2916 | Ossuary  | Slain by an elf zombie

Illustrated notes

Levels and vault maps discovered:
D:1:      dpeg_arrival_subterranean_lakeside_camping, layout_basic,
          minmay_crystal_water
D:2:      layout_loops_cross, minmay_misc_feat_encased, uniq_natasha
D:3:      layout_loops_ring, mainiacjoe_overflow_six_doors_small,
          mainiacjoe_overflow_cross_hatched, grunt_dithmenos_smoke_and_mirrors,
          cheibriados_altar_1, serial_shops, nicolae_square_shop,
          shapermc_ecumenical_altar_mp_highgroup,
          chequers_serial_rivers_large_b, small_statue_intersection
D:4:      layout_loops_ring, serial_shops, shop, nicolae_ossuary_entry_ruins,
          uniq_grinder, uniq_robin
Ossuary:  ossuary_minmay_four_chambers

Skill      XL: |  1  2  3  4  5 |
---------------+----------------+-----
Fighting       | 2 |  2.4
Dodging        | 3 |  3.1
Transmutations | 3 |  3.1
Ranged Weapons | |  0.8
Unarmed Combat | |  3.8
Spellcasting   | |  2.9

Action                     |  1- 3 |  4- 6 || total
---------------------------+-------+-------++-------
  Melee: Unarmed           |    56 |    39 ||    95
         Constrict         |    14 |    11 ||    25
         Tentacles         |     7 |     8 ||    15
         Kick              |    17 |    16 ||    33
         Punch             |     1 |     1 ||     2
   Fire: Arbalest          |       |    11 ||    11
         Sling             |       |     1 ||     1
   Cast: Beastly Appendage |    22 |    15 ||    37
    Use: Scroll            |       |    11 ||    11
   Stab: Sleeping          |     6 |     1 ||     7
 Armour: Skin              |     4 |     4 ||     8
  Dodge: Dodged            |    28 |    15 ||    43

Table legend: (Time is in decaauts)
 A = Elapsed time spent in this place.
 B = Non-inter-level travel time spent in this place.
 C = Inter-level travel time spent in this place.
 D = Time resting spent in this place.
 E = Time spent auto-exploring this place.
 F = Levels seen in this place.
 G = Mean time per level.
                   A        B        C        D        E       F      G
               +--------+--------+--------+--------+--------+-----+--------+
         Total |   2927 |   2614 |    313 |      0 |   2200 |   5 |  585.4 |
       Dungeon |   2908 |   2595 |    313 |      0 |   2195 |   4 |  727.0 |
       Ossuary |     19 |     19 |      0 |      0 |      5 |   1 |   19.0 |
               +--------+--------+--------+--------+--------+-----+--------+

Top non-repeatable levels by time:
     D:2: 996 daAuts
     D:1: 971 daAuts
     D:3: 924 daAuts
 Ossuary: 19 daAuts
     D:4: 15 daAuts
